 Dungeon Crawl Stone Soup version 0.23.2-40-g277498a001 (webtiles) character file.

Game seed: 8789374213637771418

415 Emblim88 the Vexing (level 6, -1/47 HPs)
             Began as a Gnoll Arcane Marksman on Sept 18, 2019.
             Shot with an arrow by a centaur (5 damage)
             ... on level 5 of the Dungeon.
             The game lasted 00:13:10 (4307 turns).

Emblim88 the Vexing (Gnoll Arcane Marksman)         Turns: 4307, Time: 00:13:11

Health: -1/47      AC:  8    Str: 10 (13) XL:     6   Next: 91%
Magic:  0/11       EV: 13    Int: 16 (18) God:
Gold:   228        SH:  0    Dex: 16 (19) Spells: 8/12 levels left

rFire    + . .     SeeInvis .   b - +0 hunting sling
rCold    . . .     Gourm    .   (no shield)
rNeg     . . .     Faith    .   m - +1 ring mail {rPois}
rPois    +         Spirit   +   q - +0 helmet
rElec    .         Reflect  .   (no cloak)
rCorr    .         Harm     .   (no gloves)
MR       .....                  l - +0 pair of boots
Stlth    +.........             c - amulet of guardian spirit
HPRegen  0.15/turn              h - +3 ring of intelligence
MPRegen  0.12/turn              s - +2 ring of dexterity

@: no status effects
A: distributed training, claws 1, fangs 2, fire resistance 1, strong nose
a: no special abilities


You were on level 5 of the Dungeon.
You were not hungry.

You visited 1 branch of the dungeon, and saw 5 of its levels.

You collected 228 gold pieces.

Inventory:

Hand Weapons
 a - a +0 hand crossbow
 b - a +0 hunting sling (weapon)
 o - a +0 mace
 D - a +0 rapier
Missiles
 u - 6 tomahawks
 v - 25 poisoned needles
 w - 5 bolts
 B - 14 stones (quivered)
Armour
 e - a +0 robe
 l - a +0 pair of boots (worn)
 m - a +1 ring mail of poison resistance (worn)
 q - a +0 helmet (worn)
 E - a +0 leather armour
Jewellery
 c - an amulet of guardian spirit (around neck)
 h - a +3 ring of intelligence (left claw)
 p - a +2 ring of intelligence
 s - a +2 ring of dexterity (right claw)
Wands
 d - a wand of polymorph (6)
 i - a wand of acid (7)
Scrolls
 g - a scroll of fear
 j - a scroll of enchant weapon
 k - 3 scrolls of teleportation
 n - a scroll of enchant armour
 r - a scroll of amnesia
 x - 2 scrolls of remove curse {unknown}
 z - a scroll of random uselessness {unknown}
 C - 3 scrolls of blinking {unknown}
Comestibles
 f - 5 rations


   Skills:
 + Level 3.3 Fighting
 + Level 2.1 Short Blades
 + Level 2.1 Long Blades
 + Level 2.1 Axes
 + Level 2.1 Maces & Flails
 + Level 2.1 Polearms
 + Level 2.1 Staves
 + Level 2.1 Slings
 + Level 2.1 Bows
 + Level 5.0 Crossbows
 + Level 2.1 Throwing
 + Level 2.1 Armour
 + Level 5.0 Dodging
 + Level 2.1 Stealth
 + Level 2.1 Shields
 + Level 2.1 Unarmed Combat
 + Level 3.5 Spellcasting
 + Level 1.7 Conjurations
 + Level 5.7 Hexes
 + Level 1.7 Charms
 + Level 1.7 Summonings
 + Level 1.7 Necromancy
 + Level 1.7 Translocations
 + Level 1.7 Transmutations
 + Level 1.7 Fire Magic
 + Level 1.7 Ice Magic
 + Level 1.7 Air Magic
 + Level 1.7 Earth Magic
 + Level 1.7 Poison Magic
 + Level 2.3 Invocations
 + Level 2.1 Evocations


You had 8 spell levels left.
You knew the following spells:

 Your Spells              Type           Power        Failure   Level  Hunger
a - Corona                Hex            ###....      4%          1    None
b - Inner Flame           Hex/Fire       ##......     28%         3    ###....

Your spell library contained the following spells:

 Spells                   Type           Power        Failure   Level  Hunger
 Slow                     Hex            ###.....     6%          2    ##.....
 Portal Projectile        Hex/Tloc       ##....       28%         3    ###....
 Cause Fear               Hex            ###.......   38%         4    ####...
 Leda's Liquefaction      Hex/Erth       ##........   67%         4    ####...


Dungeon Overview and Level Annotations

Branches:
Dungeon (5/15)
 Temple: D:4-7

Altars:
Gozag
Yredelemnul
Zin


Innate Abilities, Weirdness & Mutations

Your experience applies equally to all skills.
You have extremely sharp teeth.
Your uncanny sense of smell can sniff out nearby items.
You have sharp fingernails.
Your flesh is heat resistant. (rF+)


Message History

[Y]es or [N]o only, please.
Really attack while wielding your +0 hunting sling? [Y]es or [N]o only, please.
Really attack while wielding your +0 hunting sling? [Y]es or [N]o only, please.
Really attack while wielding your +0 hunting sling? [Y]es or [N]o only, please.
Really attack while wielding your +0 hunting sling?
Okay, then.
The centaur hits you! The centaur hits you.
* * * LOW HITPOINT WARNING * * *
The centaur wields a +0 shortbow.
The centaur shoots an arrow.
The arrow barely misses you.
You see here an arrow.
The centaur shoots an arrow.
The arrow hits you!
* * * LOW HITPOINT WARNING * * *
The centaur shoots an arrow.
The arrow completely misses you.
You see here an arrow.
The centaur shoots an arrow.
The arrow hits you!
You die... .. .. o #. oP8

#.###
.8.c.#(#.#
.8..8.>(o#
!...####o# .
#(#
#########∆
#(###(@(...<#
#oc(..#######
#######


You could see a centaur and an orc.

Vanquished Creatures
  A scorpion (D:4)
  An orc priest (D:4)
  2 bullfrog skeletons
  2 orc wizards
  A centaur skeleton (D:4)
  7 adders
  A river rat (D:3)
  An ooze (D:2)
  3 worms
  6 dart slugs
  5 leopard geckos
  12 orcs
  3 ball pythons
  7 goblins
  4 hobgoblins
  4 jackals (D:1)
  10 kobolds
  2 quokkas
  8 bats
  2 frilled lizards
  A quokka skeleton (D:4)
  7 rats
90 creatures vanquished.

Notes
Turn   | Place    | Note
-------+----------+-------------------------------------------
     0 | D:1      | Emblim88 the Gnoll Arcane Marksman began the quest for the
                  | Orb.
     0 | D:1      | Reached XP level 1. HP: 17/17 MP: 4/4
    96 | D:1      | Reached XP level 2. HP: 20/23 MP: 5/5
   485 | D:1      | Reached XP level 3. HP: 28/28 MP: 7/7
   677 | D:1      | Learned a level 3 spell: Inner Flame
   718 | D:2      | Reached skill level 1 in Invocations
   956 | D:2      | Reached skill level 1 in Short Blades
   956 | D:2      | Reached skill level 1 in Long Blades
   956 | D:2      | Reached skill level 1 in Axes
   956 | D:2      | Reached skill level 1 in Maces & Flails
   956 | D:2      | Reached skill level 1 in Polearms
   956 | D:2      | Reached skill level 1 in Staves
   956 | D:2      | Reached skill level 1 in Slings
   956 | D:2      | Reached skill level 1 in Bows
   956 | D:2      | Reached skill level 1 in Throwing
   956 | D:2      | Reached skill level 1 in Armour
   956 | D:2      | Reached skill level 1 in Stealth
   956 | D:2      | Reached skill level 1 in Shields
   956 | D:2      | Reached skill level 1 in Unarmed Combat
   956 | D:2      | Reached skill level 1 in Evocations
  1041 | D:2      | Reached XP level 4. HP: 34/34 MP: 8/8
  1261 | D:2      | Found a glowing silver altar of Zin.
  1261 | D:2      | Found an opulent altar of Gozag.
  1505 | D:3      | Reached skill level 1 in Conjurations
  1505 | D:3      | Reached skill level 1 in Charms
  1505 | D:3      | Reached skill level 1 in Summonings
  1505 | D:3      | Reached skill level 1 in Necromancy
  1505 | D:3      | Reached skill level 1 in Translocations
  1505 | D:3      | Reached skill level 1 in Transmutations
  1505 | D:3      | Reached skill level 1 in Fire Magic
  1505 | D:3      | Reached skill level 1 in Ice Magic
  1505 | D:3      | Reached skill level 1 in Air Magic
  1505 | D:3      | Reached skill level 1 in Earth Magic
  1505 | D:3      | Reached skill level 1 in Poison Magic
  1693 | D:3      | Reached XP level 5. HP: 40/40 MP: 9/9
  2843 | D:4      | Reached XP level 6. HP: 41/47 MP: 7/10
  3016 | D:4      | Reached skill level 5 in Crossbows
  3016 | D:4      | Reached skill level 5 in Dodging
  3030 | D:4      | Gained mutation: You have extremely sharp teeth. [potion of
                  | mutation]
  3030 | D:4      | Gained mutation: You have sharp fingernails. [potion of
                  | mutation]
  3030 | D:4      | Gained mutation: Your flesh is heat resistant. (rF+)
                  | [potion of mutation]
  4059 | D:4      | Found a basalt altar of Yredelemnul.
  4263 | D:5      | Entered Level 5 of the Dungeon
  4307 | D:5      | Shot with an arrow by a centaur

Skill      XL: |  1  2  3  4  5  6 |
---------------+-------------------+-----
Invocations    | 1 2 |  2.3
Short Blades   | 1 2 |  2.1
Long Blades    | 1 2 |  2.1
Axes           | 1 2 |  2.1
Maces & Flails | 1 2 |  2.1
Polearms       | 1 2 |  2.1
Staves         | 1 2 |  2.1
Slings         | 1 2 |  2.1
Bows           | 1 2 |  2.1
Throwing       | 1 2 |  2.1
Armour         | 1 2 |  2.1
Stealth        | 1 2 |  2.1
Shields        | 1 2 |  2.1
Unarmed Combat | 1 2 |  2.1
Evocations     | 1 2 |  2.1
Spellcasting   | 3 |  3.5
Conjurations   | 1 |  1.7
Charms         | 1 |  1.7
Summonings     | 1 |  1.7
Necromancy     | 1 |  1.7
Translocations | 1 |  1.7
Transmutations | 1 |  1.7
Fire Magic     | 1 |  1.7
Ice Magic      | 1 |  1.7
Air Magic      | 1 |  1.7
Earth Magic    | 1 |  1.7
Poison Magic   | 1 |  1.7
Fighting       | 3 |  3.3
Crossbows      | 5 |  5.0
Dodging        | 5 |  5.0
Hexes          | |  5.7

Action                   |  1- 3 |  4- 6 || total
-------------------------+-------+-------++-------
Melee: Hand crossbow     |       |    36 ||    36
       Mace              |       |    48 ||    48
       Bite              |       |     6 ||     6
       Punch             |       |     2 ||     2
       Rapier            |       |    28 ||    28
 Fire: Hand crossbow     |    66 |    63 ||   129
       Hunting sling     |       |   122 ||   122
Throw: Throwing net      |       |     2 ||     2
       Tomahawk          |       |     6 ||     6
 Cast: Inner Flame       |       |     1 ||     1
Evoke: Wand              |       |     5 ||     5
  Use: Scroll            |       |     5 ||     5
       Potion            |       |     4 ||     4
  Eat: Chunk             |       |     4 ||     4
       Ration            |       |     2 ||     2
Armor: Robe              |     1 |       ||     1
       Ring mail         |     1 |    85 ||    86
       Skin              |       |    26 ||    26
Dodge: Dodged            |    13 |   234 ||   247
